 Dungeon Crawl Stone Soup version 0.27.1-34-g3ba077fa99 (webtiles) character file.

Game seed: 13453214860784256182

25 Ironcache the Sneak (level 3, -7/25 HPs)
             Began as a Human Enchanter on Jan 27, 2022.
             Was a Follower of Makhleb.
             Killed by nerve-wracking pain
             ... invoked by Jessica
              (12 damage)
             ... on level 1 of the Dungeon.
             The game lasted 00:07:40 (2726 turns).

Ironcache the Sneak (Human Enchanter)               Turns: 2726, Time: 00:07:40

Health: -7/25      AC:  3    Str:  9    XL:     3   Next: 20%
Magic:  6/6        EV: 11    Int: 15    God:    Makhleb [*.....]
Gold:   65         SH:  0    Dex: 13    Spells: 3/6 levels left

rFire    . . .     SeeInvis .   b - +0 short sword
rCold    . . .     Faith    .   (no shield)
rNeg     . . .     Spirit   .   f - +0 leather armour
rPois    .         Reflect  .   (no helmet)
rElec    .         Harm     .   (no cloak)
rCorr    .         Rampage  .   (no gloves)
Will     .....                  (no boots)
Stlth    ++........             (no amulet)
HPRegen  0.08/turn              (no ring)
MPRegen  0.10/turn              (no ring)

@: slowed, very slow
A: no striking features
a: Renounce Religion


You were on level 1 of the Dungeon.
You worshipped Makhleb.
Makhleb was aware of your devotion.
You visited 1 branch of the dungeon, and saw 2 of its levels.

You collected 65 gold pieces.

Inventory:

Hand Weapons
 a - a +1 dagger
 b - a +0 short sword (weapon)
 n - a +0 dagger
Missiles
 m - 11 stones (quivered)
Armour
 e - a +0 robe
 f - a +0 leather armour (worn)
Scrolls
 d - a scroll of brand weapon {unknown}
 g - 3 scrolls of amnesia {unknown}
 j - a scroll of teleportation {unknown}
 k - a scroll of acquirement {unknown}
 o - a scroll of identify {unknown}
Potions
 c - a potion of haste {unknown}
 h - 2 potions of attraction {unknown}
 i - a potion of degeneration {unknown}
 l - 2 potions of might {unknown}


   Skills:
 + Level 0.9 Fighting
 - Level 1.0 Short Blades
 + Level 2.2 Dodging
 + Level 3.2 Stealth
 + Level 2.2 Spellcasting
 + Level 3.2 Hexes
 + Level 0.7 Invocations


You had 3 spell levels left.
You knew the following spells:

 Your Spells              Type           Power      Damage    Failure   Level
a - Corona                Hex            12%        N/A       9%          1
b - Ensorcelled Hibernat  Hex/Ice        12%        N/A       24%         2

Your spell library contained the following spells:

 Spells                   Type           Power      Damage    Failure   Level
 Confusing Touch          Hex            11%        N/A       24%         3
 Tukima's Dance           Hex            11%        N/A       24%         3
 Dazzling Flash           Conj/Hex       12%        N/A       43%         3


Dungeon Overview and Level Annotations

Branches:
Dungeon (2/15)

Altars:
Makhleb

Shops:
D:1 !

Annotations:
D:1 Jessica
D:2 Robin


Message History

You kill the jackal!
Makhleb accepts your kill.
You feel better.
Things that are here:
a jackal corpse; a jackal skeleton
There is a stone staircase leading down here.
You start resting.
HP restored.
You climb downwards.
Level annotation: Jessica, Robin
There is a stone staircase leading up, spattered with blood here.
Casting: Corona (safe; 9% risk of failure)
Confirm with . or Enter, or press ? or * to list all spells.
Aiming: Corona (safe; 9% risk of failure)
Press: ? - help, Shift-Dir - straight line, f - Jessica
Aim: Jessica, wielding a +0 club and wearing a +1 robe of cold resistance (chance to affect: 55%) Jessica is outlined in light.
Jessica hits you with a +0 club.
You hit Jessica.
Jessica is lightly wounded.
Jessica barely misses you. Jessica hits you with a +0 club.
You barely miss Jessica.
Jessica is lightly wounded.
Jessica barely misses you.
You barely miss Jessica. Jessica hits you with a +0 club.
There is a stone staircase leading up, spattered with blood here.
Jessica hits you but does no damage.
You climb upwards.
There is a stone staircase leading down here.
Jessica hits you with a +0 club.
* * * LOW HITPOINT WARNING * * *
You see here a +0 leather armour.
Jessica stops glowing.
Jessica casts a spell at you.
You feel yourself slow down.
Jessica points at you and mumbles some strange words.
Pain shoots through your body!
* * * LOW HITPOINT WARNING * * *
Jessica points at you and mumbles some strange words.
Pain shoots through your body!
You die...

##########...#...##.###.#
#.# ##.##...#.#.##.# #.#
#.##....###...# #.#
#.###..#.#.##### #.# #.#
#..........# #.# #.#
##.##.####.####.# #.#
#.##.# #......#
###########.# #.##.#
######.# ..........#.#
#@##.# #.# #########.#.#
#.##.#########.#
...........)#
#@##...........#
#########.###
#.##############
#†######.# #>[......#
##########


You could see Jessica.

Vanquished Creatures
  2 bats (D:1)
  An endoplasm (D:1)
  A giant cockroach (D:1)
  5 hobgoblins
  3 jackals
  2 kobolds (D:1)
  A quokka (D:1)
  A frilled lizard (D:1)
  3 goblins
  3 rats (D:1)
22 creatures vanquished.

Notes
Turn   | Place    | Note
-------+----------+-------------------------------------------
     0 | D:1      | Ironcache the Human Enchanter began the quest for the Orb.
     0 | D:1      | Reached XP level 1. HP: 13/13 MP: 3/3
   151 | D:1      | Reached XP level 2. HP: 9/20 MP: 5/5
   355 | D:1      | Found a faded altar of an unknown god.
   363 | D:1      | Became a worshipper of Makhleb the Destroyer
   363 | D:1      | Reached * piety under Makhleb
   570 | D:1      | Found Goesm's Distillery.
  1179 | D:2      | Noticed Robin
  1205 | D:1      | Reached XP level 3. HP: 25/25 MP: 6/6
  2185 | D:2      | Noticed Jessica
  2573 | D:1      | Learned a level 2 spell: Ensorcelled Hibernation
  2726 | D:1      | Killed from afar by Jessica

Illustrated notes

Levels and vault maps discovered:
D:1:      minmay_arrival_plants_in_alcoves, layout_loops_ring,
          shapermc_ecumenical_altar_totnotflames, serial_shops, shop
D:2:      layout_basic, uniq_jessica, uniq_robin

Action                   || total
-------------------------++-------
Melee: Short sword       ||   122
       Dagger            ||     8
Throw: Stone             ||     7
 Cast: Corona            ||    13
 Stab: Sleeping          ||     4
Armor: Robe              ||     9
       Leather armour    ||    27
Dodge: Dodged            ||    80
